 Dungeon Crawl Stone Soup version 0.20.0-7-g3b7b877 (webtiles) character file.

711 Ijustatesigmund the Shield-Bearer (level 7, -2/45 HPs)
             Began as an Octopode Conjurer on May 29, 2017.
             Was an Initiate of Cheibriados.
             Slain by a black bear (4 damage)
             ... on level 5 of the Dungeon.
             The game lasted 00:20:42 (5435 turns).

Ijustatesigmund the Shield-Bearer (OpCj)            Turns: 5435, Time: 00:20:43

Health: -2/45      AC:  1    Str:  9    XL:     7   Next: 68%
Magic:  1/11       EV: 12    Int: 19    God:    Cheibriados [......]
Gold:   266        SH:  9    Dex: 14    Spells: 6/12 levels left

rFire    . . .     SeeInvis .   t - +1 spear (pierce)
rCold    . . .     Gourm    .   n - +0 shield
rNeg     . . .     Faith    .   (helmet restricted)
rPois    +         Spirit   .   (no amulet)
rElec    .         Reflect  .   m - ring of poison resistance
rCorr    .         Harm     .   (no ring)
MR       .....                  (no ring)
Stlth    +++.......             (no ring)
Regen    0.2/turn               (no ring)
MPRegen  0.2/turn               (no ring)
                                (no ring)
                                (no ring)

@: very slightly contaminated, very slow
A: almost no armour, stealthy swim, amphibious, 8 rings, constrict 8, camouflage
1, gelatinous body 1
a: Bend Time, Renounce Religion


You were on level 5 of the Dungeon.
You worshipped Cheibriados.
Cheibriados was noncommittal.
You were not hungry.

You visited 2 branches of the dungeon, and saw 6 of its levels.
You also visited: Sewer.

You collected 266 gold pieces.

Inventory:

Hand Weapons
 e - a +1 mace
 t - a +1 spear of piercing (weapon)
Armour
 n - a +0 shield (worn)
Jewellery
 m - a ring of poison resistance (left tentacle)
Scrolls
 i - 6 scrolls of teleportation
 s - a scroll of fear {unknown}
 u - a scroll of fog
 v - a scroll of identify
 w - a scroll of amnesia
Potions
 d - 2 potions of agility {unknown}
 f - 2 potions of lignification
 g - 2 potions of flight {unknown}
 h - 4 potions of curing {unknown}
 j - 2 potions of resistance {unknown}
 k - a potion of berserk rage {unknown}
 l - a potion of haste {unknown}
 o - a potion of invisibility
 q - a potion of ambrosia {unknown}
Books
 a - a book of Conjurations

   Spells                             Type                      Level
   a - Magic Dart                     Conjuration                  1
   b - Searing Ray                    Conjuration                  2
   c - Dazzling Spray                 Conjuration/Hexes            3
   d - Fulminant Prism                Conjuration/Hexes            4
   e - Force Lance                    Conjuration/Translocation    4
   f - Iskenderun's Mystic Blast      Conjuration                  4
 r - a book of Changes

   Spells                             Type                      Level
   a - Beastly Appendage              Transmutation                1
   b - Sticks to Snakes               Transmutation                2
   c - Spider Form                    Transmutation/Poison         3
   d - Ice Form                       Ice/Transmutation            4
   e - Blade Hands                    Transmutation                5
Comestibles
 b - 3 bread rations
 c - a chunk of flesh
 p - a meat ration


   Skills:
 - Level 2.6 Fighting
 - Level 2.0 Dodging
 - Level 2.6 Stealth
 - Level 7.0 Shields
 + Level 3.0 Spellcasting
 + Level 4.0 Conjurations
 + Level 0.4 Hexes


You had 6 spell levels left.
You knew the following spells:

 Your Spells              Type           Power        Failure   Level  Hunger
a - Magic Dart            Conj           ###.         9%          1    None
b - Searing Ray           Conj           ###...       12%         2    ##.....
c - Dazzling Spray        Conj/Hex       ##....       45%         3    ###....


Dungeon Overview and Level Annotations

Branches:
Dungeon (5/15)             Temple (1/1) D:5

Altars:
Ashenzari
Cheibriados
Elyvilon
Fedhas
Gozag
Hepliaklqana
Kikubaaqudgha
Makhleb
Nemelex Xobeh
Qazlal
Ru
Trog
Vehumet
Xom
Yredelemnul
Zin
The Shining One

Shops:
D:4 %


Innate Abilities, Weirdness & Mutations

You cannot wear most types of armour.
You are very stealthy in the water. (Stealth+)
You are amphibious.
You can wear up to eight rings at the same time.
You can use your tentacles to constrict eight enemies at once.
Your skin changes colour to match your surroundings (Stealth+).
Your rubbery body absorbs attacks. (AC +1, EV +1)


Message History

Press: ? - help, Shift-Dir - straight line, f/p - black bear
Aim: a black bear (almost dead)
The magic dart hits the black bear.
The black bear is almost dead.
The black bear goes berserk!
Casting: Magic Dart
Confirm with . or Enter, or press ? or * to list all spells.
Aiming: Magic Dart
Press: ? - help, Shift-Dir - straight line, f/p - black bear
Aim: a black bear (almost dead, berserk, fast, unusually strong)
The magic dart hits the black bear.
The black bear is almost dead.
You block the black bear's attack. x2
The black bear claws you but does no damage.
The black bear bites you!
* * * LOW HITPOINT WARNING * * *
The black bear claws you.
* * * LOW HITPOINT WARNING * * *
The black bear claws you.
You die...

#..#
##.##
#..#
##.##
#..#
##.##
#..#
##.##
#@.#
##h##
##.##
##.##
#..#
##.#
#..#
#..#
##(#


You could see a black bear (berserk).

Vanquished Creatures
  Menkaure (D:4)
  An ogre (D:4)
  A big kobold (Sewer)
  A hound (D:4)
  2 orc wizards (D:5)
  2 iguanas
  Natasha (thrice) (D:2)
  2 worker ants
  4 gnolls (D:4)
  A river rat (Sewer)
  3 adders
  An adder skeleton (D:4)
  2 worms
  3 leopard geckos (D:3)
  3 orcs
  9 giant cockroaches
  8 hobgoblins
  3 jackals
  12 kobolds
  2 quokkas
  2 ball pythons
  8 bats
  8 frilled lizards
  13 goblins
  8 rats
103 creatures vanquished.

Notes
Turn   | Place    | Note
-------+----------+-------------------------------------------
     0 | D:1      | Ijustatesigmund the Octopode Conjurer began the quest for the Orb.
     0 | D:1      | Reached XP level 1. HP: 11/11 MP: 3/3
   165 | D:1      | Reached skill level 1 in Fighting
   169 | D:1      | Reached XP level 2. HP: 18/18 MP: 1/5
   213 | D:1      | Learned a level 2 spell: Searing Ray
   625 | D:1      | Reached XP level 3. HP: 24/24 MP: 3/6
   893 | D:2      | Noticed Natasha
   897 | D:2      | Killed Natasha
   958 | D:2      | Learned a level 3 spell: Dazzling Spray
  1071 | D:2      | Reached XP level 4. HP: 21/30 MP: 1/8
  1379 | D:2      | Found a shattered altar of Ashenzari.
  1382 | D:2      | Found a sparkling altar of Nemelex Xobeh.
  1451 | D:2      | Found a bloodstained altar of Trog.
  1529 | D:2      | Noticed Natasha
  1537 | D:2      | Killed Natasha
  1537 | D:2      | Reached skill level 1 in Shields
  1617 | D:2      | Noticed Natasha
  1620 | D:2      | Killed Natasha
  1620 | D:2      | Reached skill level 2 in Shields
  1620 | D:2      | Reached XP level 5. HP: 30/35 MP: 4/9
  1915 | D:3      | Found a glowing drain.
  2050 | Sewer    | Entered a sewer
  2309 | Sewer    | Noticed a big kobold
  2536 | Sewer    | Killed a big kobold
  2536 | Sewer    | Reached skill level 3 in Shields
  2536 | Sewer    | Reached XP level 6. HP: 38/41 MP: 1/10
  2648 | Sewer    | Found a glowing silver altar of Zin.
  2816 | D:3      | Reached skill level 4 in Shields
  3132 | D:3      | Found a white marble altar of Elyvilon.
  3473 | D:2      | Found an ancient bone altar of Kikubaaqudgha.
  3473 | D:2      | Found a basalt altar of Yredelemnul.
  3497 | D:4      | Noticed Menkaure
  3503 | D:4      | Killed Menkaure
  3503 | D:4      | Reached skill level 5 in Shields
  4071 | D:4      | Found Ubiosysmiza's Food Shop.
  4140 | D:4      | Reached XP level 7. HP: 45/45 MP: 0/11
  4455 | D:4      | Reached skill level 6 in Shields
  4598 | D:4      | Found a hazy altar of Hepliaklqana.
  4786 | D:5      | Entered Level 5 of the Dungeon
  4945 | D:5      | Reached skill level 7 in Shields
  5105 | D:5      | Found a staircase to the Ecumenical Temple.
  5115 | Temple   | Entered the Ecumenical Temple
  5318 | Temple   | Became a worshipper of Cheibriados the Contemplative
  5435 | D:5      | HP: 2/45 [black bear (6)]
  5435 | D:5      | Slain by a black bear

Skill      XL: |  1  2  3  4  5  6  7 |
---------------+----------------------+-----
Fighting       | 1 2 |  2.6
Spellcasting   | 3 |  3.0
Shields        | 2 3 5 7 |  7.0
Dodging        | |  2.0
Stealth        | |  2.6
Conjurations   | |  4.0
Hexes          | |  0.4

Action                   |  1- 3 |  4- 6 |  7- 9 || total
-------------------------+-------+-------+-------++-------
Melee: Mace              |    11 |    44 |       ||    55
       Constrict         |     3 |    10 |     6 ||    19
       Tentacles         |     1 |     5 |     7 ||    13
       Spear             |       |       |    47 ||    47
 Cast: Magic Dart        |    49 |    79 |    36 ||   164
       Searing Ray       |     1 |     7 |     3 ||    11
  Use: Scroll            |       |    11 |       ||    11
       Potion            |       |     2 |     2 ||     4
 Stab: Sleeping          |       |     7 |       ||     7
       Distracted        |       |     1 |       ||     1
  Eat: Chunk             |     1 |     5 |     5 ||    11
       Royal jelly       |       |     2 |       ||     2
Armor: Skin              |     3 |     3 |     2 ||     8
Dodge: Dodged            |     7 |    28 |    23 ||    58
Block: Shield            |       |    28 |    28 ||    56
